AoeStats
← Cinnamoroll

Arena

508124351Analyzed
4v4 RM · 10d ago on Sep 21, 2026· 36m 41s· 8 players
Game mode
Random Map
Map size
Large (8 player)
Population
200
Speed
Normal
Resources
Standard
Victory
Conquest
Starting age
Dark Age
Ending age
Imperial Age
RankedLock teamsTeams togetherTeam positionsShared explorationLock speedFull tech treeHidden civsTurbo modeCheats
Victory
Defeat
🇦🇷 Spanish · Argentina
1583
+14
🇦🇷 Britons · Argentina
1526
+16
🇦🇷 Mongols · Argentina
1455
+19
🇦🇷 Persians · Argentina
1455
+19
🇨🇦 Burmese · Canada
1556
-18
🇦🇷 Persians · Argentina
1521
-17
🇨🇴 Spanish · Colombia
1517
-17
🇦🇷 Malay · Argentina
1495
-16
lucho01Arg
11:02 Feudal Age
15:05 Castle Age
15:20 Double-Bit Axe
16:06 Fletching
16:08 Loom
18:27 Town Watch
19:28 Bow Saw
19:26 Bodkin Arrow
22:44 Gold Mining
35:49 Horse Collar
36:59 Wheelbarrow
_13_Enzus_Arg
10:56 Feudal Age
12:27 Loom
14:59 Castle Age
15:53 Double-Bit Axe
15:50 Horse Collar
19:31 Wheelbarrow
23:26 Coinage
22:47 Gold Mining
25:01 Town Watch
25:28 Bow Saw
25:24 Heavy Plow
26:40 Hand Cart
31:49 Imperial Age
32:06 Spies/Treason
33:02 Stone Mining
35:22 Two-Man Saw
37:05 Chemistry
__87_KeepeR_Arg
5:29 Loom
7:48 Feudal Age
10:42 Fletching
16:07 Double-Bit Axe
16:54 Horse Collar
17:22 Town Watch
22:58 Castle Age
22:36 Gold Mining
25:44 Wheelbarrow
25:22 Bow Saw
28:42 Imperial Age
27:25 Bodkin Arrow
30:15 Conscription
30:21 Hand Cart
30:04 Spies/Treason
32:33 Onager
__16_Bacalao_ARG
9:51 Feudal Age
10:19 Feudal Age
14:10 Castle Age
12:44 Double-Bit Axe
12:41 Horse Collar
18:46 Gold Mining
25:18 Imperial Age
24:46 Gold Shaft Mining
Cinnamoroll
11:12 Feudal Age
15:05 Castle Age
13:58 Horse Collar
15:12 Scale Barding Armor
Sevastokrator
11:11 Feudal Age
16:21 Castle Age
pela
10:08 Feudal Age
11:45 Wheelbarrow
10:58 Loom
14:42 Castle Age
13:30 Double-Bit Axe
Rojo, el camionero.
8:30 Loom
10:40 Feudal Age
15:55 Wheelbarrow
Connection lost

Rejoining the realm…

Still unreachable

The connection could not be restored.

Session expired

The server has moved on; the page needs a fresh start.